 Dungeon Crawl Stone Soup version 0.14-a0-1169-g4815781 (webtiles) character file.

255 PolkaDot the Ruinous (level 4, 0/28 HPs)
             Began as a Vampire Wizard on Nov 29, 2013.
             Slain by a giant gecko (2 damage)
             ... on Level 3 of the Dungeon.
             The game lasted 00:07:26 (2446 turns).

PolkaDot the Ruinous (Vampire Wizard)               Turns: 2446, Time: 00:07:26

HP   0/28        AC  3     Str  6      XL: 4   Next: 85%
MP   9/12        EV 12     Int 24      God:
Gold 128         SH  0     Dex 12      Spells:  3 memorised,  2 levels left

rFire  . . .     SeeInvis +     q - +0 elf short sword
rCold  . . .     Clarity  .     a - +0 robe
rNeg   . . .     Conserve .     (no shield)
rPois  .         rCorr    .     b - +0 wizard hat
rElec  .         rRot     .     (no cloak)
SustAb . .       Spirit   .     (no gloves)
rMut   .         Warding  .     e - +0 pair of boots
Saprov . . .     Stasis   .     l - amulet of rage
                                p - +3 ring of intelligence
                                o - ring of protection from magic {unknown}

@: regenerating very quickly, very slightly contaminated, somewhat resistant to
hostile enchantments, stealthy
A: fangs 3, see invisible, unbreathing
a: Evoke Berserk Rage


You were on level 3 of the Dungeon.
You were almost alive.

You visited 1 branch of the dungeon, and saw 3 of its levels.

You collected 128 gold pieces.

Inventory:

Hand weapons
 q - a +0,+0 elven short sword (weapon)
Armour
 a - a +0 robe (worn)
 b - a +0 wizard hat (worn)
 e - a +0 pair of boots (worn)
Scrolls
 g - 2 scrolls of immolation {unknown}
 h - 2 scrolls of recharging {unknown}
 j - 2 scrolls of curse weapon {unknown}
 m - 2 scrolls of remove curse {unknown}
 r - a scroll of curse jewellery {unknown}
 s - 2 scrolls of enchant armour {unknown}
 u - a scroll of identify {unknown}
Jewellery
 l - an amulet of rage (around neck)
 o - a ring of protection from magic (left hand) {unknown}
 p - a +3 ring of intelligence (right hand)
Potions
 f - 4 potions of curing {unknown}
 i - 2 potions of cure mutation {unknown}
 k - a potion of brilliance {unknown}
 n - a potion of magic {unknown}
 t - a potion of restore abilities {unknown}
Books
 c - a book of Minor Magic

   Spells                             Type                      Level
   *Magic Dart                        Conjuration                  1
   Blink                              Translocation                2
   Call Imp                           Summoning                    2
   Repel Missiles                     Charms/Air                   2
   Slow                               Hexes                        2
   *Conjure Flame                     Conjuration/Fire             3
   *Mephitic Cloud                    Conjuration/Poison/Air       3


   Skills:
 - Level 2.1 Dodging
 - Level 3.0 Stealth
 - Level 3.0 Spellcasting
 * Level 3.5 Conjurations
   Level 1.0 Summonings
   Level 0.7 Translocations


You had 2 spell levels left.
You knew the following spells:

 Your Spells              Type           Power        Failure   Level  Hunger
a - Magic Dart            Conj           ###.         2%          1    None
d - Mephitic Cloud        Conj/Pois/Air  #.......     24%         3    ###....
s - Conjure Flame         Conj/Fire      ##......     17%         3    ###....


Dungeon Overview and Level Annotations

Branches:
Dungeon (3/16)

Altars:


Innate Abilities, Weirdness & Mutations

Your natural rate of healing is extremely fast.
You have razor-sharp teeth.*
You have supernaturally acute eyesight.
You can survive without breathing.*


Message History

The giant gecko bites you.
* * * LOW HITPOINT WARNING * * *
The hobgoblin closely misses you.
You barely miss the hobgoblin.
The hobgoblin is heavily wounded.
The giant gecko bites you.
* * * LOW HITPOINT WARNING * * *
The hobgoblin hits you with an orcish club.
* * * LOW HITPOINT WARNING * * *
The giant gecko barely misses you.
Casting: Mephitic Cloud
Confirm with . or Enter, or press ? or * to list all spells.
Aiming: Mephitic Cloud
Press: ? - help, Shift-Dir - straight line, f - you Really target yourself?
You miscast Mephitic Cloud.
You are very lightly contaminated with residual magic.
Your vision is briefly tinged with green.
The giant gecko bites you.
You die...

..........#
###.............#
..........#
###########'###
########### ##..#
###..## #...##
##.### #..#
########'#######
#.l@g...........#
#....>..........
#...............
#...............
#..............
##############


You could see a giant gecko and a hobgoblin.

Vanquished Creatures
  An orc wizard (D:3)
  3 adders
  A giant mite (D:3)
  2 orcs (D:3)
  8 bats
  7 giant cockroaches
  5 goblins
  4 hobgoblins
  7 jackals
  3 ball pythons
  4 giant newts
  7 kobolds
  9 rats
61 creatures vanquished.

Notes
Turn   | Place    | Note
--------------------------------------------------------------
     0 | D:1      | PolkaDot, the Vampire Wizard, began the quest for the Orb.
     0 | D:1      | Reached XP level 1. HP: 11/11 MP: 6/6
   177 | D:1      | Reached skill level 1 in Conjurations
   422 | D:1      | Reached XP level 2. HP: 17/17 MP: 2/8
  1262 | D:2      | Reached XP level 3. HP: 19/22 MP: 7/10
  1580 | D:2      | Learned a level 3 spell: Conjure Flame
  1584 | D:2      | Learned a level 3 spell: Mephitic Cloud
  1960 | D:2      | Reached XP level 4. HP: 26/28 MP: 12/12
  2446 | D:3      | Slain by a giant gecko

Action                   |  1- 3 |  4- 6 || total
-------------------------+-------+-------++-------
Melee: Unarmed           |    12 |       ||    12
       Short sword       |    20 |    66 ||    86
 Cast: Magic Dart        |    96 |       ||    96
       Mephitic Cloud    |       |     3 ||     3
  Use: Potion            |       |     1 ||     1
 Stab: Sleeping          |     3 |     2 ||     5
